 Dungeon Crawl Stone Soup version 0.18-a0-1624-g19ad93e (webtiles) character file.

714 Oddball22 the Skirmisher (level 7, -2/39 HPs)
             Began as a Vine Stalker Artificer on Mar 24, 2016.
             Slain by a sky beast (4 damage)
             ... on level 5 of the Dungeon.
             The game lasted 00:14:22 (4009 turns).

Oddball22 the Skirmisher (Vine Stalker Artificer)   Turns: 4009, Time: 00:14:23

Health: -2/39      AC:  2    Str: 13    XL:     7   Next: 69%
Magic:  0/14       EV: 13    Int: 12    God:
Gold:   376        SH:  0    Dex: 17    Spells: 0 memorised, 14 levels left

rFire  . . .     SeeInvis .     k - +2 hand axe (chop)
rCold  . . .     Gourm    .     b - +0 leather armour
rNeg   . . .     Faith    .     (no shield)
rPois  .         Spirit   +     (no helmet)
rElec  .         Dismiss  .     (no cloak)
rCorr  .         Reflect  .     (no gloves)
SustAt .         Harm     .     H - -2 pair of boots (curse)
MR     .....                    (no amulet)
Stlth  ++........               (no ring)
                                (no ring)

@: not resistant to hostile enchantments, unstealthy
A: fangs 2, regeneration 2, magic shield, antimagic bite, no device heal 3, rot
immunity
a: no special abilities


You were on level 5 of the Dungeon.
You were hungry.

You visited 1 branch of the dungeon, and saw 5 of its levels.

You collected 376 gold pieces.

Inventory:

Hand Weapons
 a - a +0 short sword
 k - a +2 hand axe of chopping (weapon)
 t - a +1 vampiric spear
 B - a +4 spear
Missiles
 s - 21 bolts
Armour
 b - a +0 leather armour (worn)
 H - a cursed -2 pair of boots (worn)
Rods
 A - a +0 rod of ignition (9/9)
   (You found it on level 4 of the Dungeon)
Jewellery
 C - an uncursed amulet of inaccuracy
Wands
 c - a wand of flame (15/48)
 d - a wand of enslavement (15/24)
 e - a wand of random effects (10/48)
 v - a wand of slowing (25/48)
Scrolls
 g - a scroll of random uselessness {unknown}
 h - a scroll of acquirement {unknown}
 i - 3 scrolls of amnesia {unknown}
 j - 3 scrolls of remove curse
 n - a scroll of noise {unknown}
 o - 4 scrolls of identify
 p - a scroll of enchant weapon {unknown}
 y - a scroll of teleportation {unknown}
 E - a scroll of enchant armour {unknown}
Potions
 l - a potion of mutation {unknown}
 m - 2 potions of haste {unknown}
 r - 3 potions of curing {unknown}
 u - 2 potions of degeneration {unknown}
 D - 2 potions of heal wounds {unknown}
 F - a potion of flight {unknown}
Books
 x - a Grand Grimoire

   Spells                             Type                      Level
   a - Monstrous Menagerie            Summoning                    7
   b - Summon Greater Demon           Summoning                    7
   c - Malign Gateway                 Summoning/Translocation      7
   d - Summon Horrible Things         Summoning                    8
Comestibles
 f - 3 bread rations
 q - 5 meat rations
 w - 7 fruits
 z - a royal jelly


   Skills:
 * Level 5.2 Fighting
 - Level 0.8 Short Blades
 + Level 3.5 Dodging
 - Level 1.2 Stealth
 + Level 4.0 Spellcasting
 - Level 2.6 Evocations


You had 14 spell levels left.
You didn't know any spells.

Dungeon Overview and Level Annotations

Branches:
Dungeon (5/15)
 Temple: D:4-7

Altars:
Dithmenos


Innate Abilities, Weirdness & Mutations

You have extremely sharp teeth.
You heal very quickly.
When hurt, damage is shared between your health and your magic reserves.
Your bite disrupts and absorbs the magic of your enemies.
Potions and wands cannot restore your health.
You are immune to rotting.


Message History

The sky beast hits you. The sky beast shocks you.
* * * LOW HITPOINT WARNING * * *
You slash the sky beast!
The sky beast is heavily wounded.
The sky beast barely misses you. x2
You hit the sky beast but do no damage. You bite the sky beast.
You drain its power.
You feel invigorated.
The sky beast is heavily wounded.
The sky beast hits you.
* * * LOW HITPOINT WARNING * * *
The sky beast shocks you.
* * * LOW HITPOINT WARNING * * *
You closely miss the sky beast. Your bite misses the sky beast.
The sky beast is heavily wounded.
The sky beast flickers out of sight!
Deactivating autopickup; reactivate with Ctrl-A.
Something hits you.
* * * LOW HITPOINT WARNING * * *
Something shocks you.
You die...

.##.# #.........####### #.# ###
....# ##...#...........# #.# #..
....## #......###.#####.# #.# #.#
.....####...#.# #.# #.# #.###.#
.....ยง........# #.# #.# #......
.....###.###### #.# #.# #......
...###.....# #.# #.# #.###.# ...#
#.....######.# #.# #.# #.. ...#
#.....#...{@.# #.# #.# ### ...#
#.....#.##########.# #.##### .###
#.....#..## ##.##.# #......
..####.....#...####...#.#########
.....#.....#...'.................
..#.####.###...####.....########.
.##.# #.......## ##.#.## #. ## .#
##.....## ###.# #. .# ##...## #.#
#.


There were no monsters in sight!

Vanquished Creatures
  2 sky beasts (D:5)
  A crimson imp (D:5)
  A jelly (D:5)
  2 giant frog skeletons
  Jessica (D:2)
  Natasha (thrice) (D:2)
  3 worker ants
  A hound zombie (D:5)
  Robin (D:2)
  3 gnolls (D:4)
  7 adders
  2 oozes
  An adder skeleton (D:5)
  3 worms
  2 dart slugs
  2 giant geckos
  A ball python (D:4)
  6 bats
  3 giant cockroaches
  18 goblins
  8 hobgoblins
  14 jackals
  2 quokkas
  9 giant newts
  7 kobolds
103 creatures vanquished.

Notes
Turn   | Place    | Note
--------------------------------------------------------------
     0 | D:1      | Oddball22 the Vine Stalker Artificer began the quest for the Orb.
     0 | D:1      | Reached XP level 1. HP: 9/9 MP: 3/3
    54 | D:1      | Reached skill level 1 in Fighting
    66 | D:1      | Reached XP level 2. HP: 8/14 MP: 5/5
    72 | D:1      | Reached skill level 1 in Spellcasting
   289 | D:1      | Reached XP level 3. HP: 16/18 MP: 6/6
  1057 | D:2      | Noticed Natasha
  1063 | D:2      | Killed Natasha
  1063 | D:2      | Reached skill level 2 in Fighting
  1063 | D:2      | Reached XP level 4. HP: 15/23 MP: 3/8
  1088 | D:2      | Noticed Natasha
  1113 | D:2      | Killed Natasha
  1145 | D:2      | Noticed Natasha
  1149 | D:2      | Killed Natasha
  1149 | D:2      | Reached XP level 5. HP: 20/28 MP: 6/9
  1150 | D:2      | Noticed Robin
  1171 | D:2      | HP: 1/28 [Robin/vampiric spear (1)]
  1301 | D:2      | Killed Robin
  1301 | D:2      | Reached skill level 3 in Fighting
  1389 | D:2      | Found a shadowy altar of Dithmenos.
  1505 | D:2      | Noticed Jessica
  1508 | D:2      | Killed Jessica
  1947 | D:3      | Gained mutation: You heal very quickly. [Vine Stalker growth]
  1947 | D:3      | Reached XP level 6. HP: 20/32 MP: 11/11
  2513 | D:4      | Reached skill level 4 in Fighting
  3054 | D:5      | Entered Level 5 of the Dungeon
  3250 | D:5      | Reached XP level 7. HP: 20/38 MP: 13/13
  3626 | D:5      | Reached skill level 5 in Fighting
  4009 | D:5      | Slain by a sky beast

Vault maps used:
D:1:      matt_arrival_spirals, minmay_misc_feat_diagonals
D:2:      nicolae_dithmenos_shadow_blocks, st_stairs_9, uniq_jessica,
          uniq_robin, uniq_natasha
D:3:      first_bread, minmay_misc_feat_square, feat_on_display
D:5:      minmay_crystal_room

Skill      XL: |  1  2  3  4  5  6  7 |
---------------+----------------------+-----
Fighting       | 1 2 3 4 5 |  5.2
Spellcasting   | 1 2 3 4 |  4.0
Dodging        | 2 3 |  3.5
Short Blades   | |  0.8
Stealth        | |  1.2
Evocations     | |  2.6

Action                   |  1- 3 |  4- 6 |  7- 9 || total
-------------------------+-------+-------+-------++-------
Melee: Short sword       |    71 |       |       ||    71
       Hand axe          |    34 |   181 |    60 ||   275
Evoke: Wand              |       |     5 |       ||     5
  Use: Scroll            |       |       |     2 ||     2
 Stab: Sleeping          |     2 |     1 |     1 ||     4
       Distracted        |       |     1 |       ||     1
  Eat: Chunk             |     1 |     6 |     2 ||     9
       Fruit             |       |       |     1 ||     1
